 Dungeon Crawl Stone Soup version 0.23-a0-839-g6d2b917 (webtiles) character file.

248147 Ijustatesigmund the Hill Orc Aeon (level 20, -8/182 HPs)
             Began as a Hill Orc Fighter on Jan 23, 2019.
             Was the Champion of Cheibriados.
             Killed from afar by a deep elf elementalist (9 damage)
             ... with a fireball
             ... on level 3 of the Elven Halls on Jan 25, 2019.
             The game lasted 02:07:04 (41489 turns).

Ijustatesigmund the Hill Orc Aeon (HOFi)           Turns: 41489, Time: 02:07:06

Health: -8/182     AC: 28    Str: 37    XL:     20   Next: 1%
Magic:  27/33      EV: 24    Int: 34    God:    Cheibriados [******]
Gold:   936        SH: 20    Dex: 35    Spells: 9/19 levels left

rFire    + . .     SeeInvis .   b - +9 broad axe (elec)
rCold    . . .     Gourm    .   c - +3 shield
rNeg     + . .     Faith    .   q - +4 chain mail of Happiness {rF+ Dex+4}
rPois    +         Spirit   .   L - +2 hat
rElec    +         Reflect  .   l - +1 cloak "Kilic" {rElec rPois rCorr}
rCorr    +         Harm     .   P - +1 pair of gloves "Luciuheh" {rN+ Int+4 Dex+5}
MR       +....                  r - +1 pair of boots of Cias {Int+2}
Stlth    ..........             (no amulet)
HPRegen  0.40/turn              x - ring of wizardry
MPRegen  0.23/turn              R - +3 ring of evasion

@: very slow
A: antennae 1, slimy green scales 1
}: 1/15 runes: serpentine
a: Bend Time, Temporal Distortion, Slouch, Step From Time, Renounce Religion


You were on level 3 of the Elven Halls.
You worshipped Cheibriados.
Cheibriados was exalted by your worship.
You were not hungry.

You visited 5 branches of the dungeon, and saw 30 of its levels.
You visited the Abyss 1 time.
You also visited: Bailey and Ice Cave.

You collected 3691 gold pieces.
You spent 2755 gold pieces at shops.

Inventory:

Hand Weapons
 a - a +1 war axe of flaming
 b - a +9 broad axe of electrocution (weapon)
 y - the +6 war axe of Ehyc {antimagic, MR- Dex+3}
   (You bought it in a shop on level 4 of the Snake Pit)

   It reduces the magical energy of the wielder, and disrupts the spells and
   magical abilities of those hit.
   Natural abilities and divine invocations are not affected.
   It affects your dexterity (+3).
   It affects your resistance to hostile enchantments.
Missiles
 F - 5 javelins (quivered)
Armour
 c - a +3 shield (worn)
 l - the +1 cloak "Kilic" (worn) {rElec rPois rCorr}
   (You bought it in a shop on level 7 of the Dungeon)

   It insulates you from electricity.
   It protects you from poison.
   It provides partial protection from all sources of acid and corrosion.
 q - the +4 chain mail of Happiness (worn) {rF+ Dex+4}
   (You took it off an orc warrior on level 6 of the Dungeon)

   It affects your dexterity (+4).
   It protects you from fire.
 r - the +1 pair of boots of Cias (worn) {Int+2}
   (You found it in an ice cave)

   It affects your intelligence (+2).
 s - a scarf of spirit shield
 u - a +2 helmet of see invisible
 L - a +2 hat (worn)
 M - the +0 pair of fencer's gloves {Riposte Dex+3}
   (You bought it in a shop on level 7 of the Dungeon)

   It affects your dexterity (+3).
 P - the +1 pair of gloves "Luciuheh" (worn) {rN+ Int+4 Dex+5}
   (You acquired it on level 12 of the Dungeon)

   It affects your intelligence (+4).
   It affects your dexterity (+5).
   It protects you from negative energy.
 U - the +4 ring mail of Piphuhileg {rF- Regen+ SInv}
   (You bought it in a shop on level 15 of the Dungeon)

   It makes you vulnerable to fire.
   It lets you see invisible.
   It increases your rate of regeneration.
 V - the +1 plate armour of Royalty {+Blink rPois rC+ rN++}
   (You bought it in a shop on level 13 of the Dungeon)

   It protects you from cold.
   It protects you from poison.
   It greatly protects you from negative energy.
   It lets you blink.
Jewellery
 h - an uncursed ring of magical power
 x - a ring of wizardry (left hand)
 A - an uncursed ring of ice
 J - an uncursed ring of ice
 R - a +3 ring of evasion (right hand)
 X - the ring of Naczib {rElec rPois rN+ Dex-5}
   (You found it on level 1 of the Snake Pit)

   [ring of positive energy]

   It affects your dexterity (-5).
   It insulates you from electricity.
   It protects you from poison.
   It protects you from negative energy.
Wands
 o - a wand of polymorph (16)
 v - a wand of disintegration (32)
 D - a wand of digging (4)
 T - a wand of acid (9)
Scrolls
 d - 4 scrolls of blinking
 k - a scroll of fear
 m - 17 scrolls of remove curse
 n - a scroll of magic mapping
 p - 5 scrolls of immolation
 t - 3 scrolls of fog
 C - a scroll of enchant weapon
 I - 4 scrolls of amnesia
 K - 4 scrolls of holy word
 N - a scroll of brand weapon
 O - a scroll of silence
 Q - 5 scrolls of teleportation
 S - 12 scrolls of identify
Potions
 e - 2 potions of ambrosia
 g - 6 potions of lignification
 i - 11 potions of curing
 j - 5 potions of flight
 w - 6 potions of magic
 z - a potion of agility
 B - 2 potions of resistance
 E - a potion of mutation
 G - 2 potions of brilliance
 H - a potion of invisibility {unknown}
Comestibles
 f - 39 rations


   Skills:
 + Level 16.6 Fighting
 - Level 18.4 Axes
 - Level 2.7 Throwing
 - Level 12.7 Armour
 + Level 10.5 Dodging
 - Level 12.8 Shields
 - Level 7.0 Charms
 - Level 2.0 Summonings
 - Level 7.3 Necromancy
 - Level 6.0 Translocations
 + Level 18.5 Invocations
 - Level 8.7 Evocations


You had 9 spell levels left.
You knew the following spells:

 Your Spells              Type           Power        Failure   Level  Hunger
a - Apportation           Tloc           #####.       1%          1    ##.....
b - Regeneration          Chrm/Necr      #####.....   1%          3    ####...
c - Lesser Beckoning      Tloc           #####.....   2%          3    ####...
d - Summon Butterflies    Summ           ##......     4%          1    ##.....
e - Blink                 Tloc           N/A          1%          2    ###....

Your spell library contained the following spells:

 Spells                   Type           Power        Failure   Level  Hunger
 Animate Skeleton         Necr           N/A          1%          1    ##.....
 Pain                     Necr           ####         1%          1    ##.....
 Shroud of Golubria       Chrm/Tloc      #####.....   1%          2    ###....
 Vampiric Draining        Necr           ######....   1%          3    ####...
 Gell's Gravitas          Tloc           #####.....   2%          3    ####...
 Teleport Other           Tloc           #####...     2%          3    ####...
 Summon Small Mammal      Summ           ##..         4%          1    ##.....
 Animate Dead             Necr           N/A          5%          4    #####..
 Passage of Golubria      Tloc           N/A          9%          4    #####..
 Beastly Appendage        Tmut           #.....       11%         1    ##.....
 Confusing Touch          Hex            #.....       11%         1    ##.....
 Magic Dart               Conj           #...         11%         1    ##.....
 Searing Ray              Conj           #.....       16%         2    ###....
 Sticks to Snakes         Tmut           #.......     16%         2    ###....
 Throw Frost              Conj/Ice       #.....       16%         2    ###....
 Summon Guardian Golem    Hex/Summ       #.......     21%         3    ####...
 Force Lance              Conj/Tloc      ###.....     30%         4    #####..
 Dazzling Spray           Conj/Hex       #.....       32%         3    ####...
 Spider Form              Tmut/Pois      #.........   32%         3    ####...
 Summon Lightning Spire   Summ/Air       #.......     54%         4    #####..
 Fulminant Prism          Conj/Hex       #.........   69%         4    #####..
 Ice Form                 Ice/Tmut       #.......     69%         4    #####..
 Iskenderun's Mystic Bla  Conj           #.......     69%         4    #####..
 Throw Icicle             Conj/Ice       #.......     69%         4    #####..
 Summon Mana Viper        Hex/Summ       #.......     86%         5    ######.
 Blade Hands              Tmut           #.........   95%         5    ######.
 Irradiate                Conj/Tmut      #.........   95%         5    ######.
 Hydra Form               Tmut           #.........   100%        6    #######
 Statue Form              Tmut/Erth      #........    100%        6    #######
 Dragon Form              Tmut           #.........   100%        7    #######


Dungeon Overview and Level Annotations

Branches:
Dungeon (15/15) Temple (0/1) D:7 Lair (6/6) D:8 Swamp (0/4) Lair:2 Snake (4/4) Lair:3 Slime (0/5) Lair:6 Orc (2/2) D:9 Elf (3/3) Orc:2 Vaults (0/5) D:12 D:13 Depths (0/5) D:15

Altars:
Cheibriados
Dithmenos
Elyvilon
Makhleb
Qazlal
Ru
Vehumet
Wu Jian
Xom
Yredelemnul
Beogh

Shops:
D:7 [   D:13 *   D:15 [*[   Orc:2 ?:*(   Snake:4 (

Portals:
Pandemonium: Orc:2

Annotations:
D:13 exclusion: orange crystal statue
Lair:1 3 runed doors, CasualChangeling's ghost, journeyman DrVM


Innate Abilities, Weirdness & Mutations

You have a pair of small antennae on your head.
You are partially covered in slimy green scales. (AC +2)


Message History

Casting: Lesser Beckoning (safe; 2% risk of failure)
Confirm with . or Enter, or press ? or * to list all spells.
You blink.
Casting: Blink (safe; 1% risk of failure)
Confirm with . or Enter, or press ? or * to list all spells.
The deep elf demonologist mumbles some strange words.
Your surroundings suddenly seem different.
A deep elf elementalist comes into view.
It is wielding a +1 mace of crushing.
The deep elf elementalist shouts!
A deep elf sorcerer comes into view. It is wielding a +0 short sword.
The deep elf sorcerer shouts!
You hear a shout!
A crystal guardian comes into view.
The deep elf sorcerer mumbles some strange words.
The deep elf sorcerer seems to speed up.
The crystal guardian fires a crystalline bolt at you.
The crystal bolt freezes you.
* * * LOW HITPOINT WARNING * * *
The deep elf elementalist casts a spell at you.
The fireball explodes!
You resist. The fireball engulfs you!
You die...

***,,,,,,..(..##*##.....○,,,,,***
*,+,,,,,,%..####.####...,,,,,,+,*
*,*,,,,,,,*####%...###*,,,,,,,*,*
*,**,,,,,.##......e..##.,,,,,**,*
*,,****,,...............,,****,,*
*,,,,,**,...............,**,,,,,*
*,,,,,,*,...............,*,,,,,,*
*,,,,,**,.............e.,**,,,,,*
*,,****,,.......@.......,,****,,*
*,**,,,,,...............,,,,,**,*
*,*,,,,,,.........e.....,,,,,,*,*
*,+,,,,,,.......8.......,,,,,,+,*
***,,,,,,...............,,,,,,***
**,,,**###############**,,,**
**+**,,,,,,,,,,,,,,,,,**+**
*,,,,,,,,,,,,,,,,,,,,,,,*
*************************


You could see a crystal guardian, 2 deep elf sorcerers and a deep elf
elementalist.

Vanquished Creatures
  Vashnia (Snake:3)
  Saint Roka (Snake:4)
  A lich (Abyss:2)
  Asterion (Elf:3)
  Rupert (Lair:6)
  3 deep elf blademasters
  An Executioner (Abyss:2)
  Gastronok (Lair:3)
  A tentacled starspawn (Abyss:2)
  8 nagarajas (Snake:4)
  3 deep elf sorcerers
  5 deep elf elementalists (Elf:3)
  A stone giant (Orc:2)
  2 deep elf demonologists
  2 deep elf annihilators (Elf:3)
  Snorg (D:13)
  2 blizzard demons (IceCv)
  3 crystal guardians
  A fire dragon (D:15)
  3 deep elf high priests (Elf:3)
  5 hydras
  The ghost of Xyoblukeu the Severer, a journeyman DDFi of Makhleb (Orc:1)
  An ice dragon (D:15)
  12 naga warriors
  2 rakshasas (Abyss:2)
  3 centaur warriors
  12 anacondas
  A death knight (D:15)
  An ogre mage (D:15)
  7 two-headed ogres
  32 dancing weapons
  28 naga sharpshooters
  Urug (Lair:3)
  11 orc high priests
  3 shock serpents
  The ghost of melvinkitnick the Covert, a journeyman SpEn of Wu Jian (D:12)
  A thrashing horror (Abyss:2)
  10 deep elf knights
  Sonja (Lair:3)
  A sixfirhy (Abyss:2)
  A shadow wraith (Abyss:2)
  A skeletal warrior (D:15)
  A spatial maelstrom (Abyss:2)
  2 unseen horrors
  10 deep elf archers
  A torturous demonspawn (Orc:2)
  5 naga ritualists
  6 mana vipers
  9 orc knights
  3 orc sorcerers
  20 ugly things
  An oklob plant (Lair:1)
  A shining eye (shapeshifter) (Elf:1)
  A cyclops (D:14)
  54 deep elf magi
  The ghost of Setanta the Chopper, a novice GrWn (D:6)
  3 ice statues (IceCv)
  7 salamanders
  19 naga magi
  5 centaur zombies
  7 elephants
  An orange demon (Orc:2)
  32 black mambas
  3 guardian serpents
  14 spiny frogs
  A torpor snail (Lair:5)
  3 gargoyles
  4 yaktaurs (D:15)
  2 anaconda simulacra (IceCv)
  8 komodo dragons
  5 rime drakes (Lair:5)
  7 trolls
  9 ice devils (IceCv)
  2 freezing wraiths (D:15)
  2 tengu conjurers (D:15)
  An ancient zyme (Abyss:2)
  3 meliai (D:15)
  8 polar bears
  2 red devils (Orc:2)
  7 slime creatures
  3 hippogriffs
  4 blink frogs
  A small abomination (Abyss:2)
  7 hornets
  6 dream sheep
  3 large abominations (Abyss:2)
  A meliai zombie (D:15)
  2 dire elephant simulacra (IceCv)
  14 spriggans (Lair:6)
  A wraith (D:11)
  3 air elementals
  A vampire (D:15)
  A ynoxinul (Orc:2)
  4 wyverns
  3 water elementals (Elf:1)
  4 hungry ghosts
  3 fire elementals
  49 yaks
  5 basilisks
  16 humans
  A neqoxec (Orc:2)
  A chaos spawn (Abyss:2)
  4 steam dragons
  5 wargs
  2 harpy simulacra (IceCv)
  An iron troll simulacrum (IceCv)
  66 nagas
  2 acid dragons
  19 water moccasins
  2 hydra simulacra (IceCv)
  11 porcupines
  A sky beast (D:8)
  An ettin simulacrum (IceCv)
  5 ice beasts
  4 black bears
  51 orc warriors
  3 necrophages
  2 hornet zombies
  2 phantoms
  27 wolves
  17 ogres
  5 boggarts
  11 crocodiles
  10 centaurs
  A big kobold (D:14)
  A gnoll sergeant (D:8)
  An earth elemental (Elf:1)
  11 bullfrogs
  3 scorpions
  11 killer bees
  19 jellies
  4 electric eels
  6 crimson imps
  4 howler monkeys
  2 quasits
  6 hounds
  34 orc priests
  4 bullfrog skeletons
  22 orc wizards
  5 centaur skeletons
  6 iguanas
  12 worker ants
  3 hound zombies
  2 hound skeletons
  A worker ant zombie (D:10)
  Robin (D:4)
  5 gnolls
  2 howler monkey skeletons
  23 adders
  A shadow imp (D:14)
  A white imp (Abyss:2)
  An ufetubus (Abyss:2)
  2 oozes
  An adder skeleton (D:9)
  5 dart slugs
  9 leopard geckos
  140 orcs
  6 giant cockroaches
  2 gnoll zombies (D:3)
  4 hobgoblins
  4 jackals (D:1)
  29 kobolds
  2 quokkas
  A ball python (D:2)
  7 bats
  3 frilled lizards
  18 goblins
  A jackal zombie (D:7)
  A leopard gecko skeleton (D:4)
  A quokka zombie (D:8)
  6 rats
  2 bushes (D:1)
  2 fungi
  7 plants
  2 starspawn tentacles (Abyss:2)
1279 creatures vanquished.

Vanquished Creatures (collateral kills)
  An orc warrior (Bailey)
  A jelly (D:13)
  2 goblins (Bailey)
  A kobold (Bailey)
5 creatures vanquished.

Vanquished Creatures (others)
  A deep elf knight (Elf:3)
  2 orc warriors (Bailey)
  A basilisk (Lair:1)
  An orc priest (Orc:2)
  A kobold (Bailey)
  12 fungi
  5 plants (Lair:6)
  2 starspawn tentacles (Abyss:2)
25 creatures vanquished.

Grand Total: 1309 creatures vanquished

Notes
Turn   | Place    | Note
-------+----------+-------------------------------------------
     0 | D:1      | Ijustatesigmund the Hill Orc Fighter began the quest for
                  | the Orb.
     0 | D:1      | Reached XP level 1. HP: 19/19 MP: 1/1
   139 | D:1      | Reached XP level 2. HP: 22/26 MP: 2/2
   480 | D:1      | Reached XP level 3. HP: 31/31 MP: 3/3
   622 | D:1      | Upgraded the game from 0.23-a0-831-g5da158a to
                  | 0.23-a0-837-ga3e6480
  1248 | D:2      | Reached skill level 5 in Axes
  1450 | D:2      | Found a snail-covered altar of Cheibriados.
  1506 | D:2      | Reached XP level 4. HP: 34/40 MP: 4/4
  1765 | D:2      | Became a worshipper of Cheibriados the Contemplative
  2167 | D:3      | Found a stormy altar of Qazlal.
  2326 | D:3      | Reached skill level 1 in Invocations
  2330 | D:3      | Reached XP level 5. HP: 36/47 MP: 6/6
  2333 | D:3      | Reached skill level 1 in Dodging
  2555 | D:3      | Noticed a water moccasin
  2569 | D:3      | Reached XP level 6. HP: 31/55 MP: 7/7
  2571 | D:3      | Killed a water moccasin
  2571 | D:3      | Reached skill level 5 in Fighting
  2584 | D:3      | Reached * piety under Cheibriados
  2984 | D:3      | Found a basalt altar of Yredelemnul.
  3211 | D:4      | Noticed Ijyb
  3216 | D:4      | Paralysed by Ijyb for 2 turns
  3218 | D:4      | Noticed Ijyb
  3218 | D:4      | Ijyb changed into Ijyb the boggart
  3562 | D:4      | Killed Ijyb the boggart
  3562 | D:4      | Reached XP level 7. HP: 56/61 MP: 9/9
  4046 | D:4      | Noticed Robin
  4054 | D:4      | Reached ** piety under Cheibriados
  4066 | D:4      | Killed Robin
  4617 | D:5      | Entered Level 5 of the Dungeon
  4620 | D:5      | Found an ornate altar of the Wu Jian Council.
  4819 | D:5      | Reached skill level 5 in Invocations
  4899 | D:5      | Reached XP level 8. HP: 71/71 MP: 11/11
  5418 | D:6      | Reached *** piety under Cheibriados
  5645 | D:6      | Found a runed gate.
  5645 | D:6      | Found a runed gate.
  5645 | D:6      | Found a runed gate.
  5648 | D:6      | Identified the +4 chain mail of Happiness {rF+ Dex+4}
  5649 | D:6      | Noticed Setanta's ghost (novice GrWn)
  5652 | D:6      | Found a roughly hewn altar of Beogh.
  5797 | D:6      | Found a burning altar of Makhleb.
  6056 | D:6      | Reached XP level 9. HP: 54/81 MP: 14/14
  6276 | D:6      | Found a sacrificial altar of Ru.
  6743 | D:7      | Reached **** piety under Cheibriados
  6747 | D:7      | Found a staircase to the Ecumenical Temple.
  6805 | D:7      | Learned a level 1 spell: Apportation
  7014 | D:7      | Found a radiant altar of Vehumet.
  7149 | D:7      | Reached skill level 1 in Translocations
  7252 | D:7      | Found Keam's Armour Boutique.
  7536 | D:8      | Reached skill level 10 in Axes
  7543 | D:8      | Reached ***** piety under Cheibriados
  7620 | D:8      | Noticed a two-headed ogre
  7634 | D:8      | Killed a two-headed ogre
  7634 | D:8      | Reached skill level 5 in Armour
  7634 | D:8      | Reached skill level 5 in Shields
  7634 | D:8      | Reached XP level 10. HP: 48/91 MP: 8/15
  7888 | D:8      | Found a shadowy altar of Dithmenos.
  7948 | D:8      | Found a staircase to the Lair.
  8701 | D:9      | Found a shimmering altar of Xom.
  8884 | D:9      | Found a staircase to the Orcish Mines.
  8919 | D:9      | Reached ****** piety under Cheibriados
  9238 | D:7      | Bought the +1 cloak "Kilic" {rElec rPois rCorr} for 466
                  | gold pieces
  9290 | D:10     | Entered Level 10 of the Dungeon
  9388 | D:10     | HP: 3/93 [orc warrior/+0 glaive (19)]
 10107 | D:10     | Paralysed by a hornet for 1 turns
 10109 | D:10     | Reached XP level 11. HP: 76/99 MP: 18/18
 10467 | D:10     | Reached skill level 10 in Invocations
 11710 | D:6      | Killed Setanta's ghost
 11770 | D:6      | Got a sheer robe
 11781 | D:6      | Identified the cursed +1 robe of Apathy {rPois} (You found
                  | it on level 6 of the Dungeon)
 11934 | Orc:1    | Entered Level 1 of the Orcish Mines
 11962 | Orc:1    | Found a transporter.
 11963 | Orc:1    | Noticed an orc sorcerer
 11965 | Orc:1    | Noticed Xyoblukeu's ghost (journeyman DDFi)
 11973 | Orc:1    | Found a transporter.
 12216 | D:12     | Noticed a white ugly thing
 12782 | Lair:1   | Entered Level 1 of the Lair of Beasts
 12936 | Lair:1   | Found a runed gate.
 12937 | Lair:1   | Found a runed gate.
 13159 | Lair:1   | Noticed an oklob plant
 13242 | Lair:1   | Killed an oklob plant
 13372 | Lair:1   | Reached XP level 12. HP: 85/106 MP: 21/21
 13444 | Lair:1   | Found a runed gate.
 13446 | Lair:1   | Noticed CasualChangeling's ghost (journeyman DrVM)
 14259 | Lair:2   | Reached skill level 15 in Axes
 14796 | Lair:2   | Found a staircase to the Swamp.
 14812 | Lair:2   | Reached skill level 10 in Fighting
 15248 | Lair:3   | Noticed Urug
 15259 | Lair:3   | Noticed Sonja
 15365 | Lair:3   | Killed Sonja
 15373 | Lair:3   | Killed Urug
 15467 | Lair:3   | Found a staircase to the Snake Pit.
 15504 | Lair:3   | Found a white marble altar of Elyvilon.
 15658 | Lair:3   | Noticed Gastronok
 15673 | Lair:3   | Killed Gastronok
 15673 | Lair:3   | Reached XP level 13. HP: 55/114 MP: 23/23
 15979 | Lair:3   | Identified the Papyrus of Snow
 16756 | Lair:4   | Reached skill level 5 in Translocations
 17832 | D:7      | Bought the +0 pair of fencer's gloves {Riposte Dex+3} for
                  | 560 gold pieces
 17832 | D:7      | Found the +0 pair of fencer's gloves {Riposte Dex+3}
 18931 | Lair:5   | Got a warped war axe
 18932 | Lair:5   | Identified the +3 war axe of Wu Jian's Pride {chop, *Noise
                  | +Blink rF+ Str+3} (You found it on level 5 of the Lair of
                  | Beasts)
 19209 | Lair:6   | Entered Level 6 of the Lair of Beasts
 19320 | Lair:6   | Reached skill level 5 in Dodging
 19541 | Lair:6   | Reached XP level 14. HP: 122/125 MP: 24/24
 19547 | Lair:6   | Noticed Rupert
 19558 | Lair:6   | Killed Rupert
 20383 | Lair:6   | Found a staircase to the Slime Pits.
 20982 | Orc:1    | Paralysed by an orc sorcerer for 3 turns
 20997 | Orc:1    | Killed Xyoblukeu's ghost
 21200 | Orc:2    | Entered Level 2 of the Orcish Mines
 21403 | Orc:2    | Found a staircase to the Elven Halls.
 21409 | Orc:2    | Noticed a stone giant
 21416 | Orc:2    | Killed a stone giant
 21416 | Orc:2    | Reached skill level 10 in Armour
 21416 | Orc:2    | Reached skill level 10 in Shields
 21614 | Orc:2    | Found Noschook's General Store.
 21619 | Orc:2    | Found Faska's Magic Scroll Shoppe.
 22169 | Orc:2    | Bought a scroll of identify for 20 gold pieces
 22184 | Orc:2    | Bought a scroll of identify for 32 gold pieces
 22184 | Orc:2    | Bought a scroll of teleportation for 48 gold pieces
 22185 | Orc:2    | Gained mutation: You have a pair of small antennae on your
                  | head. [potion of mutation]
 22185 | Orc:2    | Gained mutation: You are partially covered in slimy green
                  | scales. (AC +2) [potion of mutation]
 22672 | Orc:2    | Reached XP level 15. HP: 24/134 MP: 25/25
 23633 | Orc:2    | Found Mupseu's Antique Weapon Shop.
 23633 | Orc:2    | Found Ytzar's Book Boutique.
 23654 | Orc:2    | Found a one-way gate leading to the halls of Pandemonium.
 24392 | D:12     | Found a runed door.
 24396 | D:12     | Found a shimmering altar of Xom.
 24396 | D:12     | Noticed melvinkitnick's ghost (journeyman SpEn)
 24396 | D:12     | Identified the +7 war axe "Hihiyc" {chaos, Int+4 Dex+3}
 24408 | D:12     | Killed melvinkitnick's ghost
 24686 | D:13     | Found a gate to the Vaults.
 24697 | D:12     | Reached skill level 15 in Invocations
 25189 | D:13     | Noticed Snorg
 25199 | D:13     | Killed Snorg
 25219 | D:13     | Found a runed door.
 25644 | D:13     | Found Toila's Assorted Antiques.
 25659 | D:13     | Bought 2 scrolls labeled ZOMYCI USIO for 48 gold pieces
 25659 | D:13     | Bought a twisted onyx ring for 120 gold pieces
 25659 | D:13     | Bought a dented diamond amulet for 120 gold pieces
 25659 | D:13     | Bought a scroll of identify for 48 gold pieces
 25659 | D:13     | Bought a scroll of identify for 48 gold pieces
 25659 | D:13     | Bought a crude plate armour for 672 gold pieces
 25691 | D:12     | Identified the cursed +1 plate armour of Royalty {+Blink
                  | rPois rC+ rN++} (You bought it in a shop on level 13 of the
                  | Dungeon)
 25709 | D:12     | Got a pair of heavily runed gloves
 25720 | D:12     | Identified the +1 pair of gloves "Luciuheh" {rN+ Int+4
                  | Dex+5} (You acquired it on level 12 of the Dungeon)
 26090 | D:13     | Reached skill level 1 in Evocations
 26787 | D:14     | Found a flagged portal.
 26799 | Bailey   | Entered a bailey
 27016 | Bailey   | Upgraded the game from 0.23-a0-837-ga3e6480 to
                  | 0.23-a0-839-g6d2b917
 27022 | Bailey   | Identified the +7 dagger of Arphuly {flame, rPois Str+4
                  | Dex+6}
 27672 | D:15     | Entered Level 15 of the Dungeon
 27773 | D:15     | Found a staircase to the Depths.
 27839 | D:15     | Reached XP level 16. HP: 140/143 MP: 27/27
 27842 | D:15     | Found Esmaiss's Antique Armour Boutique.
 27867 | D:15     | Bought a fine ring mail for 315 gold pieces
 28153 | D:15     | Found Netziacice's Armour Emporium.
 28314 | D:15     | Reached skill level 5 in Evocations
 28397 | D:15     | Found Xeisorghu's General Store.
 28403 | D:15     | Bought a potion of curing for 54 gold pieces
 28455 | D:15     | Found a white marble altar of Elyvilon.
 29179 | Snake:1  | Entered Level 1 of the Snake Pit
 30117 | Snake:1  | Got a faintly glowing ivory ring
 30119 | Snake:1  | Identified the ring of Naczib {rElec rPois rN+ Dex-5} (You
                  | found it on level 1 of the Snake Pit)
 30126 | Snake:1  | Learned a level 3 spell: Regeneration
 30384 | Snake:2  | Reached skill level 1 in Charms
 30384 | Snake:2  | Reached skill level 1 in Necromancy
 31322 | Snake:2  | Reached XP level 17. HP: 149/149 MP: 29/29
 31565 | Snake:3  | Reached skill level 5 in Charms
 31758 | Snake:3  | Reached skill level 5 in Necromancy
 32492 | Snake:3  | Noticed Vashnia
 32883 | Snake:2  | Identified the +4 ring mail of Piphuhileg {rF- Regen+ SInv}
                  | (You bought it in a shop on level 15 of the Dungeon)
 33013 | Snake:3  | Killed Vashnia
 33641 | Snake:4  | Entered Level 4 of the Snake Pit
 33671 | Snake:4  | Found a frozen archway.
 33675 | IceCv    | Entered an ice cave
 34149 | IceCv    | Got a pair of brightly glowing boots
 34160 | IceCv    | Identified the +1 pair of boots of Cias {Int+2} (You found
                  | it in an ice cave)
 34405 | Snake:4  | Found Emocoiq's Antique Weapon Emporium.
 34419 | Snake:4  | Bought a translucent war axe for 204 gold pieces
 34419 | Snake:4  | Identified the +6 war axe of Ehyc {antimagic, MR- Dex+3}
                  | (You bought it in a shop on level 4 of the Snake Pit)
 34924 | Snake:4  | Reached XP level 18. HP: 138/158 MP: 27/30
 35172 | Snake:4  | Noticed Saint Roka
 35781 | Snake:4  | Killed Saint Roka
 35781 | Snake:4  | Reached skill level 1 in Throwing
 36583 | Snake:4  | Got a serpentine rune of Zot
 37058 | Elf:1    | Entered Level 1 of the Elven Halls
 37562 | Elf:1    | Cast into level 2 of the Abyss (a deep elf sorcerer)
 37674 | Abyss:2  | Noticed a lich
 37683 | Abyss:2  | Killed a lich
 37715 | Abyss:2  | Found a corrupted altar of Lugonu.
 37782 | Elf:1    | Escaped the Abyss
 37791 | Elf:1    | Reached skill level 15 in Fighting
 37810 | Elf:1    | Reached XP level 19. HP: 120/170 MP: 31/31
 37823 | Elf:1    | Identified the Disquisition on Calling
 39398 | Elf:2    | Found a runed gate.
 39398 | Elf:2    | Found a runed gate.
 39399 | Elf:2    | Found a runed gate.
 39853 | Elf:2    | Reached skill level 10 in Dodging
 39961 | Elf:3    | Entered Level 3 of the Elven Halls
 40099 | Elf:3    | Noticed Asterion
 40115 | Elf:3    | Killed Asterion
 40358 | Elf:3    | Learned a level 3 spell: Lesser Beckoning
 40360 | Elf:3    | Learned a level 1 spell: Summon Butterflies
 40363 | Elf:3    | Learned a level 2 spell: Blink
 40706 | Elf:3    | Reached skill level 1 in Summonings
 40717 | Elf:3    | Noticed a Tzitzimitl
 41289 | Elf:3    | Identified the +2 hand axe of Upheaval {venom, +Rage}
 41468 | Elf:3    | Identified the +10 hand axe of a wizard's laboratory
                  | {flame, *Rage MR+ Int+3 Stlth+}
 41474 | Elf:3    | Noticed a Brimstone Fiend
 41481 | Elf:3    | Reached XP level 20. HP: 164/182 MP: 28/33
 41486 | Elf:3    | HP: 2/182 [smoke demon/divine providence[a deep elf
                  | demonologist] (15)]
 41489 | Elf:3    | Killed from afar by a deep elf elementalist

Vault maps used:
D:1:      sevenhm_arrival_forest_fort_small_3
D:2:      cheibrodos_old_hovel, kennysheep_slug_shrine, first_ration,
          minmay_crystal_water
D:3:      grunt_qazlal_sundering, lemuel_zombie_altar_yredelemnul
D:4:      kennysheep_generic_room_4, uniq_robin, uniq_ijyb
D:5:      overflow_temple_1_default, minivault_1, kennysheep_generic_room_2
D:6:      kennysheep_mini, marbit_many_paths, biasface_ghost_orc_armoury,
          glass_columns_a, chequers_serial_rivers_large_b, grunt_ministairs_1
D:7:      lemuel_round_altar, minmay_temple_entry_proselytizer, serial_shops,
          shop_fountains, grunt_ogre_cave
D:8:      lemuel_coloured_pillars_altar, lair_entry_dummy, serial_glass,
          glass_columns_a, glass_columns_a
D:9:      hiddenorc2_lemuel, lemuel_tele_altar
D:10:     special_room
D:12:     ebering_ghost_xom
D:13:     david_vaults_3, serial_shops, nicolae_shop_overgrown_old_shop,
          minmay_crystal_box, uniq_snorg
D:14:     enter_bailey_2, ebering_dispersal_statue_hall,
          nrook_guardian_serpent_ordinary
D:15:     grunt_enter_depths_hoard, elyvilon_altar_3, serial_shops,
          shop_fountains, shop, nicolae_shop_waterfront
Lair:1:   ebering_ghost_rock_garden, small_statue_intersection,
          minmay_lair_oklob_items, grunt_megastairs_5
Lair:2:   swamp_mist, grunt_megastairs_4
Lair:3:   minmay_snake_entry_six_corridors, basic_altar, serial_bayou_shore_b,
          lemuel_fruit_tree, infiniplex_staircase_pool, uniq_sonja,
          uniq_gastronok, uniq_urug
Lair:5:   minmay_lair_drake_nest, grunt_megastairs_2
Lair:6:   minmay_lair_end_enchanted_forest, minmay_slime_entry_jelly_boxes,
          wad_woods_road_02, uniq_rupert
Snake:1:  serial_bayou_pond_a
Snake:3:  uniq_vashnia
Snake:4:  minmay_snake_end_coiled, portal_ice_cave_entry_pillars_four,
          serial_shops, nicolae_shop_stone, uniq_saint_roka
Orc:1:    gammafunk_ghost_arena
Orc:2:    pf_orc_diabolical, minmay_orc_keep
Elf:1:    minmay_elf_arrival_circle, minmay_elf_demonology, minivault_28
Elf:3:    minmay_elf_hall_golems, uniq_asterion
Bailey:   bailey_axe_1, bailey
IceCv:    ice_cave_tombish

Skill      XL: |  1  2  3  4  5  6  7  8  9 10 11 12 13 14 15 16 17 18 19 |
---------------+----------------------------------------------------------+-----
Axes           | 3 4 5 6 7 9 10 12 14 15 16 17 18 | 18.4
Fighting       | 4 5 6 8 9 10 11 12 13 15 16 | 16.6
Invocations    | 1 2 3 5 7 9 12 13 15 16 18 | 18.5
Dodging        | 1 2 3 5 6 7 8 10 | 10.5
Armour         | 5 6 7 8 10 11 12 | 12.7
Shields        | 5 6 7 8 10 11 12 | 12.8
Translocations | 2 3 4 6 |  6.0
Evocations     | 3 6 8 |  8.7
Charms         | 4 7 |  7.0
Necromancy     | 4 7 |  7.3
Throwing       | 2 |  2.7
Summonings     | 2 |  2.0

Action                   |  1- 3 |  4- 6 |  7- 9 | 10-12 | 13-15 | 16-18 | 19-21 || total
-------------------------+-------+-------+-------+-------+-------+-------+-------++-------
Melee: War axe           |   249 |   126 |   304 |    78 |   141 |       |       ||   898
       Broad axe         |       |       |       |   593 |   740 |  1018 |   321 ||  2672
Throw: Javelin           |       |       |       |       |     2 |     9 |     1 ||    12
 Cast: Apportation       |       |       |       |     3 |     1 |     2 |       ||     6
       Regeneration      |       |       |       |       |       |    35 |     9 ||    44
       Lesser Beckoning  |       |       |       |       |       |       |     9 ||     9
       Blink             |       |       |       |       |       |       |     3 ||     3
       Summon Butterflie |       |       |       |       |       |       |     1 ||     1
Invok: Slouch            |       |       |       |     4 |     7 |     5 |     2 ||    18
       Bend Time         |       |       |       |     3 |     6 |     6 |     1 ||    16
       Step From Time    |       |       |       |       |     1 |       |       ||     1
 Abil: Stop Flying       |       |       |       |       |     2 |       |       ||     2
       Evoke Blink       |       |       |       |       |     1 |     2 |       ||     3
       Evoke Flight      |       |       |       |       |     1 |       |       ||     1
Evoke: Wand              |       |     8 |       |    15 |    25 |    15 |     6 ||    69
  Use: Scroll            |     3 |     6 |     3 |    14 |    25 |     8 |     5 ||    64
       Potion            |     1 |     6 |     2 |     2 |     4 |     2 |     1 ||    18
 Stab: Distracted        |       |       |       |       |       |       |     1 ||     1
  Eat: Chunk             |     2 |     1 |     4 |     8 |     8 |     4 |     2 ||    29
       Ration            |       |     2 |       |     3 |     5 |     7 |     2 ||    19
Armor: Scale mail        |    68 |    56 |       |       |       |       |       ||   124
       Chain mail        |       |    23 |   114 |   219 |   201 |       |    29 ||   586
       Plate armour      |       |       |       |       |    59 |   282 |    72 ||   413
Dodge: Dodged            |    45 |    59 |    89 |   185 |   414 |   513 |   187 ||  1492
Block: Shield            |    65 |    78 |   154 |   439 |   692 |   822 |   239 ||  2489
       Rpst.: Broad axe  |       |       |       |       |    52 |       |       ||    52
       War axe           |       |       |       |       |    13 |       |       ||    13

Table legend:
 A = Non-vault XP
 B = Vault XP
 C = Vault XP percentage of total XP
 D = Non-vault monster count
 E = Vault monster count
 F = Vault count percentage of total count
                 A         B        C        D         E       F
            +---------+---------+-------+---------+---------+-------
      Total |  227897 |  172471 |  43.1 |     805 |     469 |  36.8
            +---------+---------+-------+---------+---------+-------
        D:1 |      50 |       0 |   0.0 |      26 |       0 |   0.0
        D:2 |      30 |      17 |  36.2 |      12 |       2 |  14.3
        D:3 |     396 |       4 |   1.0 |      29 |       2 |   6.5
        D:4 |     307 |     151 |  33.0 |      14 |      12 |  46.2
        D:5 |     315 |       2 |   0.6 |      17 |       1 |   5.6
        D:6 |    1260 |     776 |  38.1 |      24 |      12 |  33.3
        D:7 |     769 |     163 |  17.5 |      21 |       2 |   8.7
        D:8 |    2269 |       0 |   0.0 |      33 |       0 |   0.0
        D:9 |     972 |     571 |  37.0 |      17 |      32 |  65.3
       D:10 |    2402 |     747 |  23.7 |      26 |      15 |  36.6
       D:11 |    2776 |       0 |   0.0 |      29 |       0 |   0.0
       D:12 |    4115 |    5815 |  58.6 |      17 |      18 |  51.4
       D:13 |    3015 |    5180 |  63.2 |      20 |       9 |  31.0
       D:14 |    8544 |     434 |   4.8 |      27 |       1 |   3.6
       D:15 |   26624 |    2004 |   7.0 |      67 |       2 |   2.9
     Lair:1 |    5083 |     765 |  13.1 |      23 |       3 |  11.5
     Lair:2 |    3387 |    1041 |  23.5 |      20 |       4 |  16.7
     Lair:3 |    6474 |    5226 |  44.7 |      26 |      15 |  36.6
     Lair:4 |    3772 |       0 |   0.0 |      13 |       0 |   0.0
     Lair:5 |    7090 |    2351 |  24.9 |      27 |       7 |  20.6
     Lair:6 |   11170 |   12919 |  53.6 |      35 |      68 |  66.0
    Snake:1 |    8024 |       0 |   0.0 |      19 |       0 |   0.0
    Snake:2 |   20565 |       0 |   0.0 |      39 |       0 |   0.0
    Snake:3 |   27064 |    9566 |  26.1 |      52 |       6 |  10.3
    Snake:4 |   20519 |   31868 |  60.8 |      35 |      58 |  62.4
      Orc:1 |    1309 |    1902 |  59.2 |      23 |       5 |  17.9
      Orc:2 |    3431 |   16778 |  83.0 |      24 |      69 |  74.2
      Elf:1 |   14280 |   11674 |  45.0 |      22 |      22 |  50.0
      Elf:2 |   16782 |   28459 |  62.9 |      32 |      34 |  51.5
      Elf:3 |   10924 |   24919 |  69.5 |      19 |      16 |  45.7
    Abyss:2 |   14179 |       0 |   0.0 |      17 |       0 |   0.0
     Bailey |       0 |     438 | 100.0 |       0 |      30 | 100.0
      IceCv |       0 |    8701 | 100.0 |       0 |      24 | 100.0
            +---------+---------+-------+---------+---------+-------
